Map: Ever Dream LE

Players

LiquidClem (Clem) - Winner!

  • Race: Terran Terran
  • League: Bronze
  • Spawn Location: 7:00

Trap

  • Race: Protoss Protoss
  • Spawn Location: 1:00

Event: DreamHack SC2 Masters 2020 Summer Season Finals

VOD

Have the link to the VOD?

Description

Time

  • Played on: July 17, 2020, 10:03 a.m.
  • Length: 13:50

All games in this series

Show
View Real Time Build Order
Export as new Build Order

LiquidClem Terran - Winner!

Build Orders: Reaper Expand 

Get SALT Encoding   

  12  0:00  SCV  
  13  0:13  SCV  
  14  0:17  Supply Depot  
  14  0:25  SCV  
  15  0:38  SCV  
  15  0:39  Barracks  
  16  0:43  Refinery  
  16  0:50  SCV  
  17  1:03  SCV  
  18  1:15  SCV  
  19  1:26  Reaper  
  19  1:27  Orbital Command  
  20  1:44  Command Center  
  20  1:49  Supply Depot  
  20  1:53  SCV  
  21  1:57  Marine  
  22  2:05  SCV  
  23  2:13  Factory  
  23  2:17  Bunker  
  23  2:20  SCV  
  23  2:22  Barracks Reactor  
  24  2:27  Refinery  
  23  2:32  SCV  
  24  2:44  SCV  
  25  2:56  Orbital Command, SCV  
  25  2:57  Hellion  
  28  2:59  Starport, Marine  
  28  3:02  Marine  
  30  3:09  SCV  
  31  3:17  Marine  
  31  3:18  Hellion  
  34  3:20  Marine  
  34  3:21  SCV  
  34  3:22  SCV  
  37  3:33  Supply Depot, SCV  
  38  3:34  SCV  
  38  3:37  Marine  
  38  3:38  Marine  
  38  3:40  Medivac  
  41  3:45  SCV  
  41  3:46  Factory Tech Lab  
  41  3:47  SCV  
  43  3:55  Marine  
  42  3:57  Marine, SCV  
  42  3:59  SCV  
  42  4:00  Supply Depot  
  45  4:09  SCV  
  46  4:11  SCV  
  46  4:12  Marine  
  46  4:13  Factory Tech Lab  
  48  4:18  Raven  
  48  4:21  SCV, Barracks  
  48  4:22  Barracks  
  48  4:24  SCV  
  52  4:27  Engineering Bay  
  52  4:30  Refinery, Marine x2  
  54  4:33  SCV  
  54  4:35  Siege Tank  
  58  4:39  Supply Depot  
  58  4:40  SCV  
  59  4:45  SCV  
  59  4:48  Marine x2  
  59  4:52  SCV  
  60  4:58  SCV  
  61  5:04  Supply Depot  
  61  5:05  Marine  
  61  5:06  Refinery, Marine  
  61  5:07  Siege Tank  
  61  5:10  Barracks Tech Lab, SCV  
  61  5:12  Starport Reactor  
  61  5:13  Supply Depot  
  65  5:15  Stimpack  
  65  5:16  Marauder  
  65  5:19  SCV  
  68  5:22  Supply Depot, SCV  
  68  5:27  Marine x2  
  71  5:29  Terran Infantry Weapons Level 1  
  71  5:32  Marauder  
  71  5:35  SCV  
  74  5:37  Supply Depot, SCV  
  74  5:40  Marauder  
  77  5:45  Marine x2  
  77  5:48  Siege Tank  
  82  5:52  Supply Depot  
  82  5:54  Marauder  
  84  6:01  Marauder  
  84  6:03  Combat Shield, Supply Depot  
  86  6:04  Marine x2  
  88  6:12  Command Center  
  88  6:15  Marauder  
  90  6:20  Supply Depot  
  90  6:21  Siege Tank  
  90  6:22  Marauder  
  90  6:24  Marine x2  
  97  6:30  Medivac  
  99  6:33  Supply Depot  
  99  6:34  Medivac  
  101  6:42  Marine  
  101  6:43  Marine, Barracks  
  101  6:44  Barracks  
  101  6:45  Marine  
  104  6:47  Marauder  
  104  6:53  Siege Tank  
  109  7:00  Supply Depot, Marine x2  
  111  7:03  Supply Depot  
  111  7:04  Concussive Shells, Medivac  
  111  7:06  Marauder  
  115  7:14  Medivac  
  118  7:17  Marauder, SCV  
  118  7:18  Marine x2, SCV  
  123  7:27  Marauder, Supply Depot  
  125  7:33  Barracks Reactor, Barracks Tech Lab  
  125  7:36  Marine x2  
  121  7:39  Marauder  
  121  7:41  SCV  
  121  7:42  Siege Tank  
  122  7:47  Supply Depot  
  122  7:48  Marine  
  123  7:55  Marauder  
  123  7:56  Marine x2  
  127  7:59  SCV x2  
  127  8:00  Marauder  
  127  8:01  Medivac  
  130  8:06  Marauder  
  130  8:09  SCV  
  117  8:14  Marine x2  
  117  8:15  Marine  
  117  8:16  Marauder, Marine  
  117  8:22  Marauder  
  117  8:25  SCV  
  112  8:27  Marine  
  112  8:32  Marine x2  
  110  8:35  Marine x2  
  110  8:36  Ghost Academy  
  110  8:37  Siege Tank  
  110  8:38  Marauder  
  117  8:42  SCV  
  117  8:43  Marauder, Viking  
  117  8:45  Orbital Command  
  117  8:46  Marauder  
  124  8:49  Viking  
  124  8:51  Marine  
  124  8:52  Marine  
  124  8:53  SCV  
  124  8:55  SCV  
  130  8:58  Terran Infantry Armor Level 1  
  130  9:00  Marine x2  
  132  9:05  SCV  
  132  9:07  SCV, Ghost  
  132  9:08  Ghost  
  136  9:10  SCV  
  136  9:16  Marine  
  136  9:17  Marine, SCV  
  138  9:19  Marine  
  138  9:20  Factory Reactor  
  138  9:21  Missile Turret  
  138  9:24  Marine, Ghost  
  141  9:28  SCV  
  141  9:30  SCV x2  
  141  9:31  Refinery x2  
  147  9:36  Marauder  
  149  9:39  Armory  
  149  9:40  Engineering Bay  
  149  9:41  SCV  
  149  9:42  SCV  
  149  9:43  Viking  
  153  9:48  Marine x4  
  153  9:50  Viking  
  159  9:57  Command Center  
  157  10:02  Supply Depot  
  157  10:03  Marauder  
  158  10:08  Marine x4  
  158  10:13  Ghost  
  164  10:16  Viking  
  164  10:17  Starport  
  164  10:24  Viking  
  164  10:27  Marine x4  
  168  10:29  Marauder x2  
  168  10:34  Supply Depot  
  171  10:37  Terran Infantry Weapons Level 2  
  171  10:42  Supply Depot  
  171  10:45  Marine x4  
  174  10:51  Ghost  
  174  10:56  Marine  
  174  10:58  Marauder  
  174  11:00  Viking x2  
  174  11:03  Marine  
  177  11:06  Terran Infantry Armor Level 2  
  177  11:07  Marine  
  178  11:14  Marauder  
  178  11:17  SCV  
  172  11:19  Marauder  
  172  11:20  Marauder, SCV  
  172  11:24  SCV  
  160  11:29  Marine x2  
  160  11:32  SCV  
  153  11:33  SCV  
  153  11:36  Marauder  
  153  11:39  SCV  
  157  11:40  Marine x2  
  157  11:41  Marauder  
  157  11:42  Marauder  
  157  11:46  SCV  
  164  11:49  Marine  
  164  11:54  SCV x2  
  167  11:56  Marine  
  167  11:57  Marauder, Medivac  
  167  11:58  SCV, Medivac  
  170  12:02  Marauder  
  170  12:03  Marine x2  
  170  12:04  Marauder  
  170  12:07  Medivac  
  164  12:13  Medivac  
  164  12:15  Marine x2  
  162  12:17  Ghost  
  162  12:22  Missile Turret  
  164  12:23  SCV x2  
  164  12:25  SCV  
  164  12:26  SCV  
  168  12:30  Medivac  
  168  12:32  Marine  
  168  12:35  Medivac  
  168  12:43  Marine x2, Ghost  
  155  12:47  Medivac  
  155  12:48  Marine  
  155  12:51  Ghost  
  160  12:52  Marauder  
  160  12:53  Marine  
  165  13:00  Marine  
  165  13:02  Refinery, SCV x2  
  165  13:03  Refinery  
  166  13:07  Marine, Missile Turret  
  166  13:10  Planetary Fortress  
  166  13:12  Marine x2, Ghost  
  167  13:15  Marauder  
  173  13:20  Marauder  
  173  13:23  Marine  
  175  13:29  Marine  
  175  13:31  SCV  
  175  13:32  SCV  
  177  13:37  SCV  
Show
View Real Time Build Order
Export as new Build Order

Trap Protoss 

Build Orders: 1 Gate Expand, Blink Stalkers, Colossus Rush 

Get SALT Encoding   

  12  0:01  Probe  
  13  0:13  Probe  
  14  0:18  Pylon  
  14  0:24  Probe  
  15  0:32  Probe  
  15  0:37  Gateway  
  15  0:40  Probe  
  16  0:46  Assimilator  
  17  0:51  Probe  
  18  1:03  Probe  
  19  1:15  Probe  
  20  1:24  Cybernetics Core  
  20  1:35  Nexus  
  20  1:40  Pylon  
  20  1:44  Probe  
  21  1:48  Assimilator  
  21  1:51  Adept  
  21  1:56  Probe  
  24  2:02  Warp Gate  
  24  2:08  Probe  
  25  2:12  Adept  
  25  2:20  Probe  
  28  2:30  Twilight Council  
  28  2:32  Probe  
  29  2:41  Stalker  
  29  2:43  Probe  
  31  2:47  Probe  
  33  2:51  Probe  
  33  2:56  Blink  
  34  2:59  Probe  
  34  3:01  Probe  
  36  3:11  Probe  
  37  3:17  Probe  
  37  3:19  Gateway  
  38  3:24  Probe  
  38  3:27  Robotics Facility  
  39  3:29  Probe  
  40  3:37  Probe  
  39  3:41  Probe  
  40  3:50  Probe  
  40  3:53  Probe  
  40  3:54  Stalker  
  44  4:01  Shield Battery  
  44  4:02  Probe  
  45  4:03  Pylon  
  45  4:05  Probe  
  45  4:08  Assimilator  
  46  4:11  Assimilator  
  46  4:12  Pylon  
  46  4:15  Gateway  
  46  4:19  Observer  
  46  4:21  Probe x2  
  46  4:22  Stalker  
  51  4:25  Stalker  
  51  4:27  Pylon  
  53  4:33  Observer, Pylon  
  53  4:35  Probe  
  53  4:36  Probe  
  55  4:43  Robotics Bay  
  54  4:46  Forge  
  54  4:50  Stalker  
  54  4:51  Stalker  
  57  4:53  Probe  
  57  4:58  Observer  
  57  5:05  Probe x2  
  59  5:13  Colossus  
  59  5:14  Protoss Ground Weapons Level 1  
  59  5:19  Nexus  
  59  5:34  Probe x2  
  67  5:42  Extended Thermal Lance  
  67  5:45  Gateway x2  
  67  5:51  Probe x2  
  67  5:55  Colossus, Charge  
  69  6:00  Pylon  
  69  6:03  Zealot  
  77  6:14  Pylon  
  77  6:18  Pylon  
  77  6:20  Sentry, Zealot  
  77  6:21  Shield Battery  
  77  6:22  Probe x2  
  83  6:31  Stalker  
  85  6:38  Photon Cannon  
  85  6:39  Stalker x2  
  89  6:40  Colossus  
  89  6:53  Probe x3  
  98  7:02  Observer  
  98  7:04  Sentry, Zealot x4  
  108  7:09  Pylon  
  108  7:11  Probe x3  
  108  7:14  Protoss Ground Armor Level 1  
  111  7:21  Pylon  
  111  7:22  Pylon  
  108  7:32  Sentry  
  108  7:33  Zealot x4  
  108  7:34  Immortal  
  114  7:48  Gateway  
  114  7:50  Gateway  
  114  7:54  Zealot x3  
  114  7:55  Zealot  
  114  7:56  Zealot  
  124  7:59  Pylon  
  116  8:09  Probe x3  
  101  8:19  Zealot x3  
  97  8:20  Colossus, Zealot  
  89  8:30  Observer  
  89  8:33  Cybernetics Core  
  78  8:44  Zealot x3  
  78  8:47  Assimilator  
  78  8:48  Assimilator, Templar Archives  
  84  8:50  Probe x3  
  84  8:54  Pylon  
  84  8:55  Zealot, Pylon  
  87  8:56  Zealot  
  87  9:00  Photon Cannon  
  91  9:06  Zealot x2  
  91  9:08  Warp Prism  
  95  9:10  Sentry  
  95  9:11  Sentry  
  95  9:13  Sentry  
  103  9:25  High Templar x2  
  103  9:29  Psionic Storm  
  103  9:30  Archon, Pylon  
  107  9:33  Probe x3  
  110  9:40  Zealot x3  
  110  9:42  Zealot  
  118  9:55  High Templar  
  118  9:57  High Templar  
  118  9:58  Zealot  
  124  10:05  Shield Battery  
  124  10:06  Shield Battery  
  124  10:07  High Templar  
  124  10:08  Zealot, High Templar, Protoss Ground Weapons Level 2  
  124  10:11  Pylon  
  124  10:13  Pylon  
  130  10:23  Probe x2  
  130  10:24  Probe  
  133  10:29  Stalker x2  
  133  10:32  High Templar  
  139  10:36  Stalker x2  
  139  10:40  Stalker  
  143  10:44  Stalker  
  145  10:51  Pylon  
  145  10:52  Pylon  
  143  11:14  Zealot x6  
  143  11:15  Zealot  
  155  11:23  Colossus  
  129  11:35  Archon  
  129  11:39  High Templar x3  
  141  11:40  High Templar, Zealot  
  141  11:41  Zealot x2  
  146  11:51  Archon  
  140  11:54  Archon  
  130  12:07  Zealot x3  
  110  12:09  Warp Prism  
  110  12:15  Nexus  
  98  12:16  High Templar  
  98  12:17  High Templar x3  
  106  12:24  Nexus  
  106  12:26  Pylon  
  106  12:28  Stalker  
  105  12:36  Stalker  
  106  12:42  Stalker  
  100  12:49  Stalker  
  102  12:52  Stalker x2  
  102  12:56  Stalker  
  108  12:58  Warp Prism  
  110  13:15  Zealot  
  110  13:19  High Templar  
  114  13:25  Zealot  
  105  13:31  Zealot  
Tags
 
Add a new tag
Caveats
  • Supply blocks, unpowered buildings, or Contaminate may cause inaccurate times.
  • Supply counts are checked every 10 seconds.